 Dungeon Crawl Stone Soup version 0.20.1-1-g8b1a95d (webtiles) character file.

350 kyle53 the Magician (level 6, 0/32 HPs)
             Began as a Deep Elf Fire Elementalist on Oct 29, 2017.
             Killed from afar by an orc wizard (3 damage)
             ... with a puff of flame
             ... on level 3 of the Dungeon.
             The game lasted 00:29:12 (3211 turns).

kyle53 the Magician (Deep Elf Fire Elementalist)    Turns: 3211, Time: 00:29:13

Health: 0/32       AC:  4    Str:  5    XL:     6   Next: 33%
Magic:  0/16       EV: 14    Int: 22    God:
Gold:   217        SH:  0    Dex: 15    Spells: 1/16 levels left

rFire    . . .     SeeInvis .   (no weapon)
rCold    . . .     Gourm    .   (no shield)
rNeg     . . .     Faith    .   p - +0 robe
rPois    .         Spirit   .   v - +1 hat
rElec    .         Reflect  .   f - +0 cloak
rCorr    .         Harm     .   (no gloves)
MR       .....                  (no boots)
Stlth    ++........             (no amulet)
Regen    0.1/turn               o - ring of flight
MPRegen  0.2/turn               (no ring)

@: very slightly contaminated
A: no striking features
a: Evoke Flight


You were on level 3 of the Dungeon.
You were not hungry.

You visited 1 branch of the dungeon, and saw 3 of its levels.

You collected 217 gold pieces.

Inventory:

Hand Weapons
 h - a +0 whip
 m - a +0 scythe
Missiles
 e - 23 arrows
Armour
 a - a +0 robe
 f - a +0 cloak (worn)
 p - a +0 robe (worn)
 v - a +1 hat (worn)
Jewellery
 o - a ring of flight (left hand)
Scrolls
 j - a scroll of amnesia {unknown}
 l - a scroll of identify
 q - 2 scrolls of remove curse {unknown}
 r - a scroll of immolation {unknown}
 w - a scroll of magic mapping {unknown}
 x - a scroll of blinking {unknown}
Potions
 d - a potion of cancellation
 i - 2 potions of curing
 k - a potion of might {unknown}
 n - a potion of agility {unknown}
 s - a potion of heal wounds {unknown}
 z - a potion of flight {unknown}
Books
 b - a book of Flames

   Spells                             Type                      Level
   a - Flame Tongue                   Conjuration/Fire             1
   b - Throw Flame                    Conjuration/Fire             2
   c - Conjure Flame                  Conjuration/Fire             3
   d - Inner Flame                    Hexes/Fire                   3
   e - Sticky Flame                   Conjuration/Fire             4
   f - Fireball                       Conjuration/Fire             5
Comestibles
 c - 2 bread rations
 g - 3 royal jellies
 t - a meat ration


   Skills:
 + Level 3.4 Dodging
 + Level 3.0 Stealth
 + Level 5.5 Spellcasting
 + Level 3.5 Conjurations
 + Level 5.1 Fire Magic


You had one spell level left.
You knew the following spells:

 Your Spells              Type           Power        Failure   Level  Hunger
a - Flame Tongue          Conj/Fire      ####.        1%          1    None
b - Fireball              Conj/Fire      ####......   41%         5    #####..
c - Throw Flame           Conj/Fire      ####..       2%          2    None
d - Conjure Flame         Conj/Fire      ####....     4%          3    ##.....
e - Sticky Flame          Conj/Fire      ####....     16%         4    ####...


Dungeon Overview and Level Annotations

Branches:
Dungeon (3/15)

Altars:
Ashenzari
Okawaru
Ru
Xom


Message History

You can't see any susceptible monsters within range! (Use Z to cast anyway.)
Casting: Throw Flame
Confirm with . or Enter, or press ? or * to list all spells.
Aiming: Flame Tongue
Press: ? - help, Shift-Dir - straight line You miscast Flame Tongue.
You are very lightly contaminated with residual magic.
Nothing appears to happen.
You hear some strange, mumbled words.
A puff of flame appears from out of thin air!
The puff of flame hits you!
* * * LOW HITPOINT WARNING * * *
You hear some strange, mumbled words.
A magic dart appears from out of thin air!
The magic dart hits you!
* * * LOW HITPOINT WARNING * * *
You hear some strange, mumbled words.
A puff of flame appears from out of thin air!
The puff of flame hits you!
You die...

###### ########## #....#
#.........
#.##.####.########
#.........#### #
#............#
#.#(###..........#######
#..>)...................
###.###...........######
# ##@..(.......######
........................
#.#
###.####.#...####.###...
#.# #.......#.##.# #.##
#.# #.......#.##.# #.#.
#.# #.......#.##.# #.#.
#.# .##....####.##.#
#.#. #.#
#.##....#_'.....# #.#.
#.# #.##....####.####
#.#.


There were no monsters in sight!

Vanquished Creatures
  Sigmund (D:2)
  An orc wizard (D:3)
  Terence (D:2)
  5 adders
  An ooze (D:3)
  2 worms (D:2)
  A dart slug (D:2)
  A leopard gecko (D:2)
  17 orcs (D:3)
  2 giant cockroaches
  8 goblins
  4 hobgoblins
  3 ball pythons
  7 bats
  5 frilled lizards
  12 kobolds
  6 rats
77 creatures vanquished.

Notes
Turn   | Place    | Note
-------+----------+-------------------------------------------
     0 | D:1      | kyle53 the Deep Elf Fire Elementalist began the quest for the Orb.
     0 | D:1      | Reached XP level 1. HP: 10/10 MP: 6/6
   291 | D:1      | Found an iron altar of Okawaru.
   405 | D:1      | Reached XP level 2. HP: 12/15 MP: 5/8
  1215 | D:2      | Noticed Terence
  1235 | D:2      | Killed Terence
  1235 | D:2      | Reached XP level 3. HP: 7/19 MP: 0/10
  1482 | D:2      | Noticed Sigmund
  1491 | D:2      | Killed Sigmund
  1491 | D:2      | Reached XP level 4. HP: 18/24 MP: 0/12
  1491 | D:2      | Reached XP level 5. HP: 21/28 MP: 0/14
  1514 | D:2      | Learned a level 5 spell: Fireball
  1517 | D:2      | Learned a level 2 spell: Throw Flame
  1521 | D:2      | Learned a level 3 spell: Conjure Flame
  2041 | D:2      | Reached skill level 5 in Spellcasting
  2323 | D:3      | Found a sacrificial altar of Ru.
  2338 | D:3      | Reached XP level 6. HP: 32/32 MP: 2/15
  2490 | D:3      | Reached skill level 5 in Fire Magic
  2649 | D:3      | Learned a level 4 spell: Sticky Flame
  2876 | D:3      | Found a shimmering altar of Xom.
  3115 | D:3      | Found a shattered altar of Ashenzari.
  3211 | D:3      | Killed from afar by an orc wizard

Skill      XL: |  1  2  3  4  5  6 |
---------------+-------------------+-----
Fire Magic     | 4 5 |  5.1
Dodging        | 3 |  3.4
Stealth        | 3 |  3.0
Spellcasting   | 4 5 |  5.5
Conjurations   | 3 |  3.5

Action                   |  1- 3 |  4- 6 || total
-------------------------+-------+-------++-------
Melee: Unarmed           |       |     4 ||     4
 Cast: Flame Tongue      |    62 |     7 ||    69
       Throw Flame       |       |    78 ||    78
  Use: Scroll            |       |     3 ||     3
  Eat: Chunk             |     1 |     4 ||     5
       Royal jelly       |       |     1 ||     1
Armor: Robe              |     3 |     6 ||     9
Dodge: Dodged            |    20 |     9 ||    29
